AoeStats
← frenzy

Black Forest

510117696Analyzed
2v2 RM · 4d ago on Sep 29, 2026· 59m 1s· 4 players
Game mode
Random Map
Map size
Medium (4 player)
Population
200
Speed
Normal
Resources
Standard
Victory
Conquest
Starting age
Dark Age
Ending age
Imperial Age
RankedLock teamsTeams togetherTeam positionsShared explorationLock speedFull tech treeHidden civsTurbo modeCheats
Victory
Defeat
🇹🇷 Burmese · Türkiye
792
+12
🇹🇷 Saracens · Türkiye
607
+20
🇷🇺 Malay · Russia
721
-17
🇫🇷 Maya · France
680
-15
Thàedric
13:14 Feudal Age
14:43 Double-Bit Axe
17:53 Horse Collar
21:16 Castle Age
26:48 Fletching
26:58 Padded Archer Armor
28:40 Ballistics
28:57 Bow Saw
30:49 Stone Mining
30:50 Gold Mining
31:05 Heavy Plow
31:31 Leather Archer Armor
31:12 Bodkin Arrow
32:42 Bodkin Arrow
32:58 Forging
32:51 Scale Mail Armor
36:51 Imperial Age
35:32 Wheelbarrow
34:45 Town Watch
34:50 Loom
36:36 Hand Cart
36:55 Heated Shot
37:46 Iron Casting
38:10 Conscription
38:36 Crop Rotation
38:08 Pikeman
38:51 Squires
38:38 Arson
38:31 Elite Plumed Archer
39:40 Thumb Ring
39:53 Town Patrol
39:28 Capped Ram
40:29 Bracer
41:12 Halberdier
41:55 Siege Ram
42:41 Eagle Warrior
44:56 Hoardings
45:59 Ring Archer Armor
45:45 Chain Mail Armor
46:32 Blast Furnace
49:06 Plate Mail Armor
48:01 Elite Skirmisher
50:49 Elite Eagle Warrior
53:20 Hul'che Javelineers
55:24 Chemistry
54:37 Masonry
55:03 Holcans
RESPECT
12:01 Feudal Age
12:44 Double-Bit Axe
14:21 Loom
16:21 Horse Collar
20:13 Gold Mining
20:16 Stone Mining
25:37 Castle Age
24:51 Fletching
25:02 Padded Archer Armor
26:18 Wheelbarrow
26:23 Heavy Plow
27:40 Bow Saw
27:44 Pikeman
30:21 Crossbowman
31:07 Thumb Ring
31:04 Squires
31:44 Caravan
33:49 Hand Cart
33:22 Town Watch
34:38 Gold Shaft Mining
34:41 Stone Shaft Mining
41:04 Imperial Age
41:14 Conscription
41:34 Leather Archer Armor
41:15 Bodkin Arrow
41:30 Forging
41:50 Ballistics
42:31 Chemistry
41:45 Masonry
42:21 Crop Rotation
42:38 Arbalester
43:22 Bracer
43:52 Ring Archer Armor
44:01 Halberdier
45:56 Iron Casting
45:13 Arson
57:32 Siege Engineers
57:24 Murder Holes
frenzy
1:16 Loom
12:56 Feudal Age
13:20 Horse Collar
15:29 Gold Mining
17:01 Stone Mining
22:04 Castle Age
21:26 Forging
21:20 Scale Mail Armor
23:39 Gold Shaft Mining
27:27 Caravan
29:47 Coinage
30:38 Wheelbarrow
30:18 Heavy Plow
30:19 Fishing Lines
32:28 Iron Casting
32:09 Chain Mail Armor
33:48 Squires
33:09 Pikeman
34:14 Fortified Wall
34:09 Husbandry
35:07 Hand Cart
38:18 Imperial Age
35:54 Gillnets
37:52 Scale Barding Armor
38:21 Halberdier
38:32 Elite Battle Elephant
39:46 Plate Mail Armor
40:16 Blast Furnace
40:08 Banking
39:11 Onager
41:13 Chemistry
40:37 Howdah
44:56 Ballistics
51:55 Elite Arambai
52:29 Fletching
52:40 Padded Archer Armor
53:56 Bodkin Arrow
56:45 Halberdier
57:24 Capped Ram
SmokedMyself
0:26 Loom
11:27 Feudal Age
14:33 Double-Bit Axe
18:14 Castle Age
19:48 Wheelbarrow
18:57 Horse Collar
22:23 Caravan
23:30 Gold Mining
23:30 Stone Mining
23:43 Heavy Plow
24:04 Bow Saw
25:17 Hand Cart
28:15 Forging
28:19 Scale Barding Armor
31:54 Iron Casting
31:40 Chain Barding Armor
37:32 Imperial Age
36:25 Gold Shaft Mining
39:13 Blast Furnace
38:48 Plate Barding Armor
37:35 Elite Mameluke
38:41 Counterweights
41:16 Chemistry
40:36 Ballistics
46:04 Fletching
46:28 Thumb Ring
47:11 Padded Archer Armor
Connection lost

Rejoining the realm…

Still unreachable

The connection could not be restored.

Session expired

The server has moved on; the page needs a fresh start.